 Dungeon Crawl Stone Soup version 0.15.0-23-gc2b521c (console) character file.

1429 gw the Cudgeler (level 8, 52/73 HPs)
             Began as a Deep Dwarf Gladiator on Sept 8, 2014.
             Was a Follower of Makhleb.
             Starved to death
             ... on Level 5 of the Dungeon.
             The game lasted 00:05:07 (4357 turns).

gw the Cudgeler (Deep Dwarf Gladiator)              Turns: 4357, Time: 00:05:07

HP  52/73        AC 11     Str 19      XL: 8   Next: 44%
MP   5/5         EV  7     Int  9      God: Makhleb [*.....]
Gold 0           SH  0     Dex 15      Spells:  0 memorised,  7 levels left

rFire  . . .     SeeInvis .     o - +4 flail
rCold  . . .     Clarity  .     h - +0 chain mail (curse)
rNeg   . . .     rCorr    .     (no shield)
rPois  .         rRot     .     c - +0 helmet
rElec  .         Spirit   .     (no cloak)
SustAb .         Warding  .     (no gloves)
rMut   .         Stasis   .     (no boots)
Gourm  .                        (no amulet)
MR     +....                    (no ring)
                                (no ring)

@: starving, non-regenerating, somewhat resistant to hostile enchantments,
extremely unstealthy
A: damage resistance, recharge devices, sense surroundings 1, slow healing 3
a: Device Recharging, Renounce Religion


You were on level 5 of the Dungeon.
You worshipped Makhleb.
Makhleb was aware of your devotion.
You were starving.

You visited 2 branches of the dungeon, and saw 6 of its levels.

Inventory:

Hand weapons
 o - a +4 flail (weapon)
Missiles
 d - 3 throwing nets
 n - 29 bolts
Armour
 c - a +0 helmet (worn)
 h - a cursed +0 chain mail (worn)
Magical devices
 e - a wand of heal wounds (1)
 i - a wand of paralysis (13)
Comestibles
 f - 4 bread rations
 g - 2 meat rations
 l - a slice of pizza
Scrolls
 b - 3 scrolls of remove curse
 j - 4 scrolls of identify
 k - 2 scrolls of amnesia


   Skills:
 + Level 4.7 Fighting
 * Level 7.7 Maces & Flails
 - Level 1.7 Throwing
 + Level 5.0 Armour
 - Level 3.2 Dodging
 + Level 4.1 Invocations


You had 7 spell levels left.
You didn't know any spells.

Dungeon Overview and Level Annotations

Branches:
Dungeon (5/15)             Temple (1/1) D:4

Altars:
Cheibriados
Dithmenos
Elyvilon
Fedhas
Kikubaaqudgha
Makhleb
Nemelex Xobeh
Okawaru
Qazlal
Sif Muna
Trog
Vehumet
Xom
Yredelemnul
Zin
The Shining One


Innate Abilities, Weirdness & Mutations

You are resistant to damage.
You can recharge devices by infusing magical energy.
You passively map a small area around you.
You do not heal naturally.


Message History

ATTACK MOVE TO (1,0) ATTACK MOVE TO (0,-1) ATTACK MOVE TO (1,0) ATTACK MOVE TO (0,-1) ATTACK MOVE TO (1,0) ATTACK MOVE TO (0,-1) ATTACK MOVE TO (1,0) ATTACK MOVE TO (0,-1) ATTACK MOVE TO (1,0) ATTACK MOVE TO (0,-1) ATTACK MOVE TO (1,0) ATTACK MOVE TO (0,-1) ATTACK MOVE TO (1,0) ATTACK MOVE TO (0,-1) ATTACK MOVE TO (1,0) ATTACK MOVE TO (0,-1) ATTACK MOVE TO (1,0) ATTACK MOVE TO (0,-1)
You have starved to death.
You die...

* * * ##### ,
###..)### , , *
##))...).##*,
#...._....# ,* *
##.........## ,
#....###....# , ,
#...##y##...# , * *
#.. #..%g###....# *
#.#* #..%........#
#.# ##.........##
#.# ##.......## #.#
####.#### #.#
#.#####
#.#########..##... ,
#.##..........#.# *
*
####.##.#####......#


You could see a moth of wrath.

Table legend:
 A = Turns spent in this place as a percentage of turns spent in the entire game.
 B = Non-inter-level travel turns spent in this place as a percentage of non-inter-level travel turns spent in the entire game.
 C = Inter-level travel turns spent in this place as a percentage of turns spent in this place.
 D = Turns resting spent in this place as a percentage of non-inter-level travel turns spent in this place.
 E = Turns spent auto-exploring this place as a percentage of non-inter-level travel turns spent in this place.
 F = Non-inter-level travel turns spent in this place divided by the number of levels of this place that you've seen.
                   A       B       C       D       E      F
               +-------+-------+-------+-------+-------+----------------------
         Total | 100.0 | 100.0 |   0.3 |   0.1 |   9.6 | 387.8
       Dungeon |  98.8 |  98.8 |   0.3 |   0.1 |   9.4 | 459.8
        Temple |   1.2 |   1.2 |   3.4 |   0.0 |  32.1 |  28.0
               +-------+-------+-------+-------+-------+----------------------

Table legend:
 A = Kills in this place as a percentage of kills in entire the game.
 B = Kills by you in this place as a percentage of kills by you in the entire game.
 C = Kills by friends in this place as a percentage of kills by friends in the entire game.
 D = Other kills in this place as a percentage of other kills in the entire game.
 E = Experience gained in this place as a percentage of experience gained in the entire game.
 F = Experience gained in this place divided by the number of levels of this place that you have seen.
                   A       B       C       D       E      F
               +-------+-------+-------+-------+-------+----------------------
         Total | 100.0 | 100.0 |  -nan |  -nan | 100.0 | 340.3
       Dungeon | 100.0 | 100.0 |  -nan |  -nan | 100.0 | 408.4
               +-------+-------+-------+-------+-------+----------------------

Vanquished Creatures
  Pikel (D:5)
  A slave (D:5)
  2 ogres
  A centaur (D:5)
  A giant frog (D:3)
  6 killer bees (D:5)
  A hound (D:5)
  2 orc priests (D:4)
  2 orc wizards (D:4)
  3 worker ants (D:4)
  Jessica (D:2)
  5 adders
  A giant mite (D:5)
  5 worms
  An adder skeleton (D:4)
  2 oozes (D:3)
  8 orcs
  A ball python (D:1)
  2 giant cockroaches (D:1)
  9 hobgoblins
  7 jackals (D:3)
  18 kobolds
  A quokka (D:2)
  10 bats
  6 giant geckos
  4 giant newts
  12 goblins
  A hobgoblin skeleton (D:4)
  13 rats
  A rat skeleton (D:4)
128 creatures vanquished.

Vanquished Creatures (others)
  A shadow imp (D:5)
  An orc (D:5)
  A goblin (D:5)
3 creatures vanquished.

Grand Total: 131 creatures vanquished

Notes
Turn   | Place    | Note
--------------------------------------------------------------
     0 | D:1      | gw, the Deep Dwarf Gladiator, began the quest for the Orb.
     0 | D:1      | Reached XP level 1. HP: 19/19 MP: 1/1
   140 | D:1      | Reached XP level 2. HP: 24/26 MP: 2/2
   312 | D:1      | Reached skill level 1 in Armour
   641 | D:2      | Noticed Jessica
   645 | D:2      | Killed Jessica
   645 | D:2      | Reached XP level 3. HP: 30/32 MP: 3/3
   696 | D:2      | Reached skill level 4 in Maces & Flails
   877 | D:2      | Reached XP level 4. HP: 26/40 MP: 4/4
  1403 | D:3      | Noticed a giant frog
  1413 | D:3      | Killed a giant frog
  1413 | D:3      | Reached XP level 5. HP: 32/48 MP: 5/5
  1843 | D:3      | Found an iron altar of Okawaru.
  1859 | D:3      | Found a shimmering altar of Xom.
  1862 | D:3      | Found a sparkling altar of Nemelex Xobeh.
  1880 | D:3      | Found a snail-covered altar of Cheibriados.
  2034 | D:4      | Noticed an ogre
  2041 | D:4      | Killed an ogre
  2041 | D:4      | Reached skill level 5 in Maces & Flails
  2041 | D:4      | Reached XP level 6. HP: 20/56 MP: 6/6
  2577 | D:4      | Found a staircase to the Ecumenical Temple.
  2607 | Temple   | Entered the Ecumenical Temple
  2656 | Temple   | Became a worshipper of Makhleb the Destroyer
  2728 | D:4      | Reached skill level 6 in Maces & Flails
  2974 | D:5      | Entered Level 5 of the Dungeon
  2990 | D:5      | Reached XP level 7. HP: 29/63 MP: 7/7
  3095 | D:5      | Noticed Pikel
  3138 | D:5      | Killed Pikel
  3138 | D:5      | Reached skill level 7 in Maces & Flails
  3182 | D:5      | Reached XP level 8. HP: 29/73 MP: 9/11
  3262 | D:5      | Acquired Makhleb's first power
  3444 | D:5      | Reached skill level 5 in Armour
  3530 | D:5      | Noticed a moth of wrath
  3533 | D:5      | Found a bloodstained altar of Trog.
  4357 | D:5      | Starved to death

Action                   |  1- 3 |  4- 6 |  7- 9 || total
-------------------------+-------+-------+-------++-------
Melee: Flail             |   109 |   258 |   168 ||   535
 Abil: Device Recharging |       |       |     9 ||     9
Evoke: Wand              |       |     5 |    33 ||    38
  Use: Scroll            |     8 |     5 |       ||    13
       Potion            |     1 |     6 |       ||     7
  Eat: Chunk             |       |     8 |     2 ||    10

Vault maps used:
D:1:      minmay_arrival_four_loops, minmay_surrounded
D:2:      first_bread, uniq_jessica
D:3:      grunt_temple_overflow_cloverleaf, st_stairs_7, minmay_ruptured
D:4:      minmay_temple_entry_overgrown
D:5:      corexii_shack_village, tgw_trog, uniq_pikel
Temple:   circular_temple_12
